 Dungeon Crawl Stone Soup version 0.26-a0-663-g36e8fdb655 (webtiles) character file.

Game seed: 11345053877943345608

896 somkeydreadnuts the Cudgeler (level 8, -2/43 HPs)
             Began as a Gargoyle Fighter on Oct 12, 2020.
             Was a Believer of Hepliaklqana.
             Slain by an orc warrior
             ... wielding a cursed -2 flail
              (4 damage)
             ... on level 6 of the Dungeon.
             The game lasted 00:35:00 (4889 turns).

somkeydreadnuts the Cudgeler (Gargoyle Fighter)     Turns: 4889, Time: 00:35:00

Health: -2/43      AC: 13    Str: 23    XL:     8   Next: 7%
Magic:  0/8        EV:  9    Int:  8    God:    Hepliaklqana [**....]
Gold:   201        SH: 10    Dex: 15    Spells: 7/7 levels left

rFire    . . .     SeeInvis .   a - +0 flail
rCold    . . .     Faith    .   c - +0 kite shield
rNeg     + . .     Spirit   +   b - +0 scale mail
rPois    ∞         Reflect  .   (helmet restricted)
rElec    +         Harm     .   (no cloak)
rCorr    .         Rampage  .   (no gloves)
MR       +....                  (no boots)
Stlth    ..........             p - amulet of guardian spirit
HPRegen  0.14/turn              f - ring of protection from magic
MPRegen  0.11/turn              j - +6 ring of dexterity

@: no status effects
A: reduced essence, horns 1, mutation resistance 1, negative energy resistance
1, electricity resistance, wild magic 1, unbreathing, petrification resistance,
rot immunity, AC +5
a: Ancestor Life: Knight, Ancestor Life: Battlemage, Ancestor Life: Hexer,
Recall Ancestor, Ancestor Identity, Renounce Religion


You were on level 6 of the Dungeon.
You worshipped Hepliaklqana.
Hepliaklqana was pleased with you.
You visited 2 branches of the dungeon, and saw 7 of its levels.

You collected 201 gold pieces.

Inventory:

Hand Weapons
 a - a +0 flail (weapon)
 m - a +0 hand axe
Armour
 b - a +0 scale mail (worn)
 c - a +0 kite shield (worn)
Jewellery
 f - a ring of protection from magic (left hand)
 g - an uncursed ring of protection from magic
 j - a +6 ring of dexterity (right hand)
 p - an amulet of guardian spirit (around neck)
 w - an uncursed ring of ice
 y - an uncursed ring of positive energy
 z - an uncursed ring of positive energy
Wands
 n - a wand of random effects (17)
 B - a wand of flame (22)
Scrolls
 e - 2 scrolls of amnesia
 h - 3 scrolls of identify
 i - a scroll of enchant weapon {unknown}
 q - a scroll of fog {unknown}
 s - a scroll of magic mapping {unknown}
 t - a scroll of immolation {unknown}
 u - a scroll of remove curse
 v - a scroll of random uselessness {unknown}
Potions
 d - a potion of flight
 k - a potion of brilliance
 l - a potion of curing
 o - a potion of stabbing
 r - 2 potions of ambrosia
 x - 2 potions of haste
 A - a potion of might


   Skills:
 + Level 4.6 Fighting
 + Level 5.8 Maces & Flails
 + Level 5.3 Armour
 + Level 1.8 Dodging
 + Level 0.7 Stealth
 + Level 5.3 Shields
 + Level 0.1 Evocations


You had 7 spell levels left.
You didn't know any spells.
Your spell library was empty.

Dungeon Overview and Level Annotations

Branches:
Dungeon (6/15)             Temple (1/1) D:5

Altars:
Ashenzari
Cheibriados
Dithmenos
Gozag
Hepliaklqana
Kikubaaqudgha
Makhleb
Nemelex Xobeh
Okawaru
Qazlal
Ru
Sif Muna
Trog
Uskayaw
Vehumet
Wu Jian
Xom
Yredelemnul
Zin

Annotations:
D:5 Prince Ribbit


Innate Abilities, Weirdness & Mutations

You are resistant to torment.
Your stone body is resilient. (AC +5)
You are immune to poison.
You resist negative energy. (rN+)
You are resistant to electric shocks. (rElec)
You can survive without breathing.
You are immune to petrification.
You are immune to rotting.
Your life essence is reduced to manifest your ancestor. (-10% HP)
You have a pair of small horns on your head.
You are somewhat resistant to further mutation.
Your spells are a little harder to cast, but a little more powerful.


Message History

The ufetubus barely misses Ingiyab.
The ufetubus hits Ingiyab but does no damage.
Ingiyab barely misses the ufetubus.
The ufetubus barely misses Ingiyab.
The ufetubus hits Ingiyab.
The ufetubus barely misses Ingiyab.
The ufetubus hits Ingiyab.
Ingiyab hits the ufetubus.
The ufetubus dies!
The orc warrior hits Ingiyab with a cursed -2 flail!
Ingiyab hits the orc warrior but does no damage.
The orc warrior hits Ingiyab with a cursed -2 flail!
Ingiyab hits the orc warrior.
The orc warrior closely misses Ingiyab.
Ingiyab hits the orc warrior but does no damage.
The orc warrior hits Ingiyab with a cursed -2 flail.
Ingiyab is destroyed!
You block the orc warrior's attack.
The orc warrior hits you with a cursed -2 flail!!
* * * LOW HITPOINT WARNING * * *
The orc warrior hits you with a cursed -2 flail.
You die...

#. ..#
....#.###.####
.............
.............
.....#......
.........#.#######
.........#.#..<..#
.........#[#.#.#.#
........@o<#.#.#.#
.........#.#)#.#.#
.........#)#R#.#.#
.............§.#.#
.........≈..§..#.#
...≈...≈≈≈§....#.#
.....≈#≈≈#≈≈≈..#.#
...≈.#≈≈≈≈#....#
)..§≈#≈._§#....#


You could see an orc warrior.

Vanquished Creatures
  An ogre (D:6)
  An orc warrior (D:6)
  An ice beast (D:4)
  2 centaur zombies
  A jelly (D:5)
  2 hounds (D:4)
  An orc wizard (D:6)
  An iguana (D:2)
  Terence (D:2)
  A worker ant (D:4)
  A hound zombie (D:5)
  Robin (D:4)
  2 gnolls (D:5)
  A river rat (D:5)
  2 adders
  An adder zombie (D:5)
  2 adder skeletons
  2 worms (D:4)
  2 dart slugs
  A leopard gecko (D:2)
  9 orcs
  5 ball pythons
  10 bats
  4 giant cockroaches
  9 goblins
  8 hobgoblins
  2 jackals (D:3)
  3 quokkas
  3 frilled lizards
  10 kobolds
  2 rats
92 creatures vanquished.

Vanquished Creatures (collateral kills)
  A centaur (D:5)
  A bullfrog skeleton (D:5)
  A worker ant (D:4)
  2 gnolls (D:5)
  An adder (D:5)
  An ufetubus (D:6)
  2 dart slugs (D:4)
  A leopard gecko (D:5)
  2 orcs
  A bat (D:2)
  A giant cockroach (D:6)
  3 jackals (D:3)
  A frilled lizard (D:3)
  2 goblins (D:3)
  A kobold (D:2)
21 creatures vanquished.

Vanquished Creatures (others)
  3 ancestors
3 creatures vanquished.

Grand Total: 116 creatures vanquished

Notes
Turn   | Place    | Note
-------+----------+-------------------------------------------
     0 | D:1      | somkeydreadnuts the Gargoyle Fighter began the quest for
                  | the Orb.
     0 | D:1      | Reached XP level 1. HP: 14/14 MP: 1/1
   118 | D:1      | Reached XP level 2. HP: 19/19 MP: 2/2
   567 | D:2      | Noticed Terence
   580 | D:2      | Killed Terence
   580 | D:2      | Reached XP level 3. HP: 23/23 MP: 3/3
   603 | D:2      | Found a shimmering altar of Xom.
   647 | D:2      | Found an iron altar of Okawaru.
   648 | D:2      | Found a hazy altar of Hepliaklqana.
   649 | D:2      | Found a snail-covered altar of Cheibriados.
   649 | D:2      | Found a broken altar of Ashenzari.
   660 | D:2      | Reached XP level 4. HP: 27/28 MP: 4/4
   682 | D:2      | Gained mutation: Your spells are a little harder to cast,
                  | but a little more powerful. [potion of mutation]
   682 | D:2      | Gained mutation: You have a pair of small horns on your
                  | head. [potion of mutation]
   682 | D:2      | Gained mutation: You are somewhat resistant to further
                  | mutation. [potion of mutation]
   703 | D:2      | Became a worshipper of Hepliaklqana the Forgotten
  1343 | D:3      | Reached skill level 1 in Dodging
  1395 | D:3      | Reached XP level 5. HP: 29/29 MP: 5/5
  1526 | D:3      | Reached * piety under Hepliaklqana
  2224 | D:4      | Reached XP level 6. HP: 23/34 MP: 4/6
  2365 | D:4      | Noticed an ice beast
  2380 | D:4      | Killed an ice beast
  2576 | D:4      | Noticed Robin
  2601 | D:4      | Killed Robin
  2896 | D:5      | Entered Level 5 of the Dungeon
  2943 | D:5      | Reached ** piety under Hepliaklqana
  3020 | D:5      | Found a bloodstained altar of Trog.
  3046 | D:5      | Reached XP level 7. HP: 34/38 MP: 7/7
  3332 | D:5      | Noticed Prince Ribbit
  3708 | D:5      | Reached skill level 5 in Maces & Flails
  3708 | D:5      | Reached skill level 5 in Shields
  3783 | D:5      | Found a staircase to the Ecumenical Temple.
  3804 | Temple   | Entered the Ecumenical Temple
  4182 | D:5      | Reached skill level 5 in Armour
  4396 | D:6      | Found a stormy altar of Qazlal.
  4836 | D:6      | Reached XP level 8. HP: 8/43 MP: 2/8
  4888 | D:6      | HP: 2/43 [orc warrior/cursed -2 flail (14)]
  4889 | D:6      | Slain by an orc warrior

Illustrated notes

Levels and vault maps discovered:
D:1:      psy_arrival_spokes, layout_rooms, minmay_pentomino_q2
D:2:      layout_basic, xom_butterflies,
          chequers_temple_overflow_statue_of_worship, kennysheep_donut,
          uniq_terence
D:3:      minmay_wonky_spiral, layout_loops_cross, bh_walls_and_bars
D:4:      layout_basic, uniq_robin
D:5:      layout_loops_ring, old_standard_altar, minmay_temple_entry_trees,
          gup_sewer_entry_bowl, serial_co_window_serial, co_window_corner_a,
          co_window_paths_b, co_window_corner_a, co_window_paths_b,
          co_window_of_opportunity_a, co_window_corner_a,
          co_window_of_opportunity_a, co_window_broadway_a, co_window_paths_c,
          co_window_corner_b, co_window_paths_e, co_window_4corner_b,
          glass_columns_a, glass_columns_b, glass_columns_a, uniq_prince_ribbit1
D:6:      layout_basic, nicolae_qazlal_general_emergency, fedhas_ov_isle_minmay,
          serial_curves, eino_curves_01, eino_curves_04
Temple:   minmay_temple_bridge_abc

Skill      XL: |  1  2  3  4  5  6  7 |
---------------+----------------------+-----
Maces & Flails | 3 4 5 |  5.8
Armour         | 4 5 |  5.3
Shields        | 4 5 |  5.3
Dodging        | 1 |  1.8
Fighting       | 4 |  4.6
Stealth        | |  0.7
Evocations     | |  0.1

Action                   |  1- 3 |  4- 6 |  7- 9 || total
-------------------------+-------+-------+-------++-------
Melee: Flail             |    76 |   174 |    90 ||   340
       Headbutt          |       |    38 |    21 ||    59
Evoke: Wand              |       |       |     2 ||     2
  Use: Scroll            |       |    10 |       ||    10
       Potion            |       |     2 |       ||     2
 Stab: Distracted        |       |     1 |       ||     1
Armor: Scale mail        |    38 |    73 |    34 ||   145
Dodge: Dodged            |    36 |    53 |    26 ||   115
Block: Kite shield       |    53 |    94 |    59 ||   206

Table legend: (Time is in decaauts)
 A = Elapsed time spent in this place.
 B = Non-inter-level travel time spent in this place.
 C = Inter-level travel time spent in this place.
 D = Time resting spent in this place.
 E = Time spent auto-exploring this place.
 F = Levels seen in this place.
 G = Mean time per level.
                   A        B        C        D        E       F      G
               +--------+--------+--------+--------+--------+-----+--------+
         Total |   4992 |   4530 |    462 |      0 |   3261 |   7 |  713.1 |
       Dungeon |   4782 |   4351 |    431 |      0 |   3085 |   6 |  797.0 |
        Temple |    209 |    178 |     31 |      0 |    176 |   1 |  209.0 |
               +--------+--------+--------+--------+--------+-----+--------+

Top non-repeatable levels by time:
     D:5: 1652 daAuts
     D:4: 999 daAuts
     D:2: 773 daAuts
     D:3: 707 daAuts
     D:1: 489 daAuts
  Temple: 209 daAuts
     D:6: 160 daAuts
